 Dungeon Crawl Stone Soup version 0.25-a0-1024-gbfbf38f2cb (webtiles) character file.

Game seed: 779126599434627026, levelgen mode: deterministic

42 Flugslaktarn the Skirmisher (level 3, -5/40 HPs)
             Began as an Ogre Fighter on May 12, 2020.
             Slain by Sigmund
             ... wielding a +0 scythe
              (6 damage)
             ... on level 2 of the Dungeon.
             The game lasted 00:00:57 (1541 turns).

Flugslaktarn the Skirmisher (Ogre Fighter)          Turns: 1541, Time: 00:00:58

Health: -5/40      AC:  5    Str: 21    XL:     3   Next: 56%
Magic:  3/3        EV:  7    Int:  9    God:
Gold:   75         SH:  8    Dex:  8    Spells: 2/2 levels left

rFire    . . .     SeeInvis .   a - +0 war axe
rCold    . . .     Gourm    .   c - +0 kite shield
rNeg     + . .     Faith    .   i - +2 robe {rN+}
rPois    .         Spirit   .   (helmet restricted)
rElec    .         Reflect  .   (no cloak)
rCorr    .         Harm     .   (gloves unavailable)
MR       .....                  (boots unavailable)
Stlth    +.........             (no amulet)
HPRegen  0.13/turn              (no ring)
MPRegen  0.08/turn              (no ring)

@: mighty, drained
A: large, unfitting armour, tough skin 1
a: no special abilities


You were on level 2 of the Dungeon.
You were not hungry.

You visited 1 branch of the dungeon, and saw 2 of its levels.

You collected 75 gold pieces.

Inventory:

Hand Weapons
 a - a +0 war axe (weapon)
Armour
 c - a +0 kite shield (worn)
 i - a +2 robe of positive energy (worn)
   (You found it on level 1 of the Dungeon)
Jewellery
 n - an uncursed ring of ice
   (You found it on level 2 of the Dungeon)
Scrolls
 f - a scroll of remove curse {unknown}
 l - a scroll of enchant armour {unknown}
 m - a scroll of teleportation {unknown}
Potions
 b - a potion of lignification {unknown}
 d - a potion of might
 g - a potion of haste {unknown}
 h - a potion of flight {unknown}
 k - a potion of magic {unknown}
Comestibles
 e - 4 rations
 j - 4 chunks of flesh


   Skills:
 + Level 4.4(3.4) Fighting
 * Level 2.8(1.9) Axes
 + Level 3.0(2.1) Dodging
 + Level 3.0(2.1) Shields


You had 2 spell levels left.
You didn't know any spells.
Your spell library was empty.

Dungeon Overview and Level Annotations

Branches:
Dungeon (2/15)

Altars:
Kikubaaqudgha
Nemelex Xobeh

Annotations:
D:2 Sigmund


Innate Abilities, Weirdness & Mutations

You are too large for most types of armour.
You have tough skin. (AC +1)


Message History

You hear some strange, mumbled words.
A magic dart appears from out of thin air!
The magic dart hits you.
* * * LOW HITPOINT WARNING * * *
You slash something! You barely miss the kobold.
You hear some strange, mumbled words.
A puff of flame appears from out of thin air!
The puff of flame hits you.
* * * LOW HITPOINT WARNING * * *
You block the kobold's attack.
Unknown command.
You miss something.
Your shield prevents you from hitting the kobold.
You block something's attack.
The kobold hits you with a cursed -1 whip.
* * * LOW HITPOINT WARNING * * *
Unknown command.
You closely miss something. You closely miss the kobold.
The kobold hits you but does no damage. Something hits you.
You die...

%........ ....?.....
.......... ##........# ####
#.......... #..# #..$<$.....
#..###.@........
#(.##.......... #
#.@##.....$.... .#####
######.K{.#<.......#
......####.......#.##......##
....#.......###[.......#####
# #...##.##..#(#.....##....
#####.รท......(###.##.......
...######.##................
##...........###.##.##......
######..#.#..# #.##<# ......


You could see a kobold.

Vanquished Creatures
  An adder (D:2)
  A worm (D:2)
  2 bats (D:1)
  A bat zombie (D:2)
  A giant cockroach (D:1)
  4 goblins
  2 hobgoblins (D:1)
  6 jackals
  2 quokkas (D:2)
  A ball python (D:2)
  2 frilled lizards
  2 kobolds
  2 rats (D:2)
  A rat zombie (D:2)
28 creatures vanquished.

Notes
Turn   | Place    | Note
-------+----------+-------------------------------------------
     0 | D:1      | Flugslaktarn the Ogre Fighter began the quest for the Orb.
     0 | D:1      | Reached XP level 1. HP: 24/24 MP: 1/1
   205 | D:1      | Reached XP level 2. HP: 22/32 MP: 2/2
  1146 | D:2      | Reached XP level 3. HP: 33/40 MP: 3/3
  1300 | D:2      | Found a sparkling altar of Nemelex Xobeh.
  1404 | D:2      | Found an ancient bone altar of Kikubaaqudgha.
  1492 | D:2      | Noticed Sigmund
  1539 | D:2      | HP: 2/40 [something/puff of flame (6)]
  1541 | D:2      | Slain by Sigmund

Illustrated notes

Levels and vault maps discovered:
D:1:      mrwooster_arrival_statue_2, layout_rooms, minmay_statues_item
D:2:      layout_rooms, lemuel_zombie_altar_kikubaaqudgha, lemuel_round_altar,
          kennysheep_minor_cross, minmay_tetromino_t2, uniq_sigmund

Skill      XL: |  1  2  3 |
---------------+----------+-----
Dodging        | 3 |  3.0
Shields        | 3 |  3.0
Fighting       | |  4.4
Axes           | |  2.8

Action                   || total
-------------------------++-------
Melee: War axe           ||   115
  Use: Potion            ||     1
  Eat: Chunk             ||     2
Armor: Robe              ||    76
Dodge: Dodged            ||    69
Block: Kite shield       ||    92

Table legend:
 A = Non-vault XP
 B = Vault XP
 C = Vault XP percentage of total XP
 D = Non-vault monster count
 E = Vault monster count
 F = Vault count percentage of total count
                 A         B        C        D         E       F
            +---------+---------+-------+---------+---------+-------
      Total |      56 |       5 |   8.2 |      25 |       3 |  10.7
            +---------+---------+-------+---------+---------+-------
        D:1 |      21 |       0 |   0.0 |      12 |       0 |   0.0
        D:2 |      35 |       5 |  12.5 |      13 |       3 |  18.8
            +---------+---------+-------+---------+---------+-------
